 Dungeon Crawl Stone Soup version 0.31.0-32-g396128a36d (webtiles) character file.

Game seed: 1894069555841488436

15335 MineralWater the Severer (level 12, -8/115 HPs)
             Began as a Hill Orc Fighter on Mar 31, 2024.
             Was an Initiate of Gozag.
             Succumbed to poison (poison gas)
             ... on level 1 of the Swamp.
             The game lasted 01:08:40 (11415 turns).

MineralWater the Severer (Hill Orc Fighter)        Turns: 11415, Time: 01:08:42

Health: -8/115     AC: 22    Str: 24    XL:     12   Next: 25%
Magic:  12/12      EV:  7    Int:  8    God:    Gozag
Gold:   1018       SH:  0    Dex: 16    Spells: 11/11 levels left

rFire   . . .        O - +0 battleaxe (flame) {Gigio}
rCold   . . .        (shield currently unavailable)
rNeg    . . .        n - +0 plate armour
rPois   .            q - +0 helmet
rElec   .            (no cloak)
rCorr   .            f - +2 pair of gloves
SInv    .            (no boots)
Will    .....        D - amulet of regeneration Stlth
                     j - +4 ring of protection
HPRegen 1.19/turn    N - +6 ring of dexterity
MPRegen 0.13/turn

%: no passive effects
@: lethally poisoned (-8 -> -66), gold aura
A: no striking features
a: Renounce Religion, Potion Petition, Call Merchant, Bribe Branch


You were on level 1 of the Swamp.
You worshipped Gozag.
Gozag was most pleased with you.
You visited 4 branches of the dungeon, and saw 12 of its levels.

You collected 1714 gold pieces.
You spent 696 gold pieces at shops.

Inventory:

Hand Weapons
 o - the +6 dire flail of Ajuc {flame, rF+ rCorr}
   (You found it on level 1 of the Swamp)

   rF+:       It protects you from fire.
   rCorr:     It protects you from acid and corrosion.
 L - a +4 quarterstaff of chaos
 O - a +0 battleaxe of flaming (weapon) {Gigio}
Missiles
 g - 94 stones
 S - 2 throwing nets
Armour
 f - a +2 pair of gloves (worn)
 n - a +0 plate armour (worn)
 q - a +0 helmet (worn)
 r - the +0 ring mail "Odapt" {Dex+3}
   (You found it on level 7 of the Dungeon)

   Dex+3:     It affects your dexterity (+3).
 y - the +0 cloak "Cylir" {rPois}
   (You found it on level 3 of the Dungeon)

   rPois:     It protects you from poison
 M - a +2 cloak
Magical Staves
 s - a staff of earth
Jewellery
 b - a ring of willpower
 j - a +4 ring of protection (left hand)
 k - a ring of poison resistance
 x - a ring of protection from cold
 D - an amulet of regeneration (around neck)
 N - a +6 ring of dexterity (right hand)
Talismans
 K - a dragon-blood talisman
Wands
 H - a wand of digging (8)
 W - a wand of flame (3)
 X - a wand of charming (39)
 Y - a wand of iceblast (19)
Scrolls
 c - a scroll of revelation {unknown}
 d - a scroll of fog {unknown}
 e - 5 scrolls of identify
 i - 2 scrolls of poison {unknown}
 m - 2 scrolls of vulnerability {unknown}
 t - a scroll of fear {unknown}
 u - 2 scrolls of enchant weapon {unknown}
 v - 3 scrolls of blinking {unknown}
 z - a scroll of acquirement {unknown}
 A - a scroll of noise {unknown}
 B - 2 scrolls of enchant armour {unknown}
 G - a scroll of silence {unknown}
 I - 4 scrolls of teleportation {unknown}
Potions
 a - a potion of might
 h - 2 potions of attraction
 l - 7 potions of curing
 p - a potion of haste {unknown}
 w - a potion of mutation {unknown}
 C - 2 potions of invisibility {unknown}
 E - 3 potions of heal wounds {unknown}
 J - 3 potions of cancellation
 P - 2 potions of degeneration {unknown}
 Q - a potion of magic {unknown}
 R - 2 potions of enlightenment {unknown}
 T - 4 potions of resistance
 V - 2 potions of lignification
 Z - 3 potions of brilliance {unknown}
Miscellaneous
 U - a lightning rod (4/4) (quivered)


   Skills:
 + Level 13.4 Fighting
 + Level 18.7(18.8) Axes
 - Level 2.4(10.7) Maces & Flails
 + Level 7.5 Armour
 - Level 3.2 Shields
 - Level 1.8 Shapeshifting


You had 11 spell levels left.
You didn't know any spells.
Your spell library contained the following spells:

 Spells                   Type           Power      Damage    Failure   Level
 Foxfire                  Conj/Fire      0%         2x1d4     99%         1
 Magic Dart               Conj           0%         1d3       99%         1
 Sting                    Conj/Alch      0%         1d3       99%         1
 Summon Small Mammal      Summ           0%         N/A       99%         1
 Cigotuvi's Dreadful Rot  Necr/Alch/Air  0%         N/A       100%        2
 Call Canine Familiar     Summ           0%         N/A       100%        3
 Sigil of Binding         Hex            0%         N/A       100%        3
 Dimensional Bullseye     Hex/Tloc       0%         N/A       100%        4
 Ignite Poison            Fire/Alch      0%         N/A       100%        4
 Sticky Flame             Fire/Alch      0%         2d4       100%        4
 Summon Blazeheart Golem  Fire/Summ      0%         N/A       100%        4
 Freezing Cloud           Conj/Ice/Air   0%         6-21      100%        5
 Ignition                 Fire           0%         3d3       100%        8


Dungeon Overview and Level Annotations

Branches:
Dungeon (8/15)             Temple (1/1) D:5            Lair (2/5) D:8
  Swamp (1/4) Lair:2
  Snake: Lair:2-3    Spider: Lair:2-3

Altars:
Ashenzari
Cheibriados
Dithmenos
Elyvilon
Fedhas
Gozag
Hepliaklqana
Kikubaaqudgha
Makhleb
Nemelex Xobeh
Okawaru
Qazlal
Ru
Sif Muna
Trog
Uskayaw
Vehumet
Wu Jian
Xom
Yredelemnul
Zin
The Shining One

Shops:
D:1 *(=:


Message History

You continue taking off your +2 cloak.
You are engulfed in poison gas.
You are more poisoned.
You feel extremely sick.
You finish taking off your +2 cloak.
You feel extremely sick.
You feel extremely sick.
You slice the swamp dragon!! You burn the swamp dragon.
The swamp dragon is moderately wounded.
You feel very sick.
You slice the swamp dragon!! You burn the swamp dragon.
The swamp dragon is severely wounded.
You feel very sick. The swamp dragon bites you. The swamp dragon claws you.
The swamp dragon tramples you.
You stumble backwards!
Splash!
You fall into the shallow water.
Moving in this stuff is going to be slow.
You barely miss the swamp dragon.
The swamp dragon is severely wounded.
You feel sick.
The swamp dragon breathes poison at you.
The blast of poison engulfs you but does no damage.
You are more poisoned.
You hit the swamp dragon but do no damage.
The swamp dragon is severely wounded.
You are engulfed in poison gas.
You are more poisoned.
You feel extremely sick.
You slice the swamp dragon!! You burn the swamp dragon.
You kill the swamp dragon!
You are engulfed in poison gas.
You are lethally poisoned!
* * * LOW HITPOINT WARNING * * *
You feel extremely sick.
You are engulfed in poison gas.
You are more poisoned.
* * * LOW HITPOINT WARNING * * *
You die...
Your body crumbles into a pile of gold.

♣..~~~.......~~~~.♣♣♣~..♣
♣♣~~~.....♣♣.~~~~~~~.~.~♣
♣♣♣♣~.~.~♣.....~~~~~..♣
♣~~.§~..[.......~....♣
♣♣...~....####.~..§♣♣♣
♣♣~.§.....###♣..~§♣
♣.......##.○♣°.♣♣♣
♣.......##°○○○♣♣
♣♣..####...@°°♣ ♣..#
###..○.♣ ♣..# ......♣♣
♣..##.....♣♣♣ ♣.###..♣♣♣♣
## #.. ... ♣.


There were no monsters in sight!

Vanquished Creatures
  An eleionoma (Swamp:1)
  The ghost of cfcfcfcfcf the Cleaver, a journeyman MiFi of Okawaru (Lair:2)
  A shambling mangrove (Swamp:1)
  A hydra (Lair:2)
  Erica (D:8)
  A goliath frog (Swamp:1)
  A swamp dragon (Swamp:1)
  Maurice (D:8)
  2 black mambas (Lair:2)
  4 cane toads
  A rime drake (Lair:2)
  Maggie (D:7)
  4 komodo dragons
  A troll (D:7)
  2 hornets (Swamp:1)
  Grinder (D:6)
  A wyvern (D:8)
  14 yaks (Lair:1)
  2 basilisks
  Grum (D:8)
  3 swamp worms (Swamp:1)
  6 water moccasins
  An orc warrior (D:8)
  2 ice beasts
  4 black bears
  6 wolves
  3 centaurs
  3 bullfrogs (D:8)
  4 scorpions
  5 wights (D:8)
  6 killer bees (D:8)
  4 bombardier beetles
  Crazy Yiuf (D:4)
  2 hounds (D:6)
  A jelly (D:6)
  3 sleepcaps
  2 iguanas
  Natasha (thrice) (D:4)
  6 orc wizards
  Robin (D:2)
  3 gnolls (D:5)
  2 adders
  2 shadow imps
  2 ufetubi (D:6)
  4 dart slugs
  10 ribbon worms
  19 orcs
  16 ball pythons
  8 bats
  6 endoplasms
  3 giant cockroaches
  7 goblins
  11 hobgoblins
  4 jackals (D:1)
  15 kobolds
  6 quokkas
  3 frilled lizards
  5 rats
  A butterfly (Lair:2)
235 creatures vanquished.

Notes
Turn   | Place    | Note
-------+----------+-------------------------------------------
     0 | D:1      | MineralWater the Hill Orc Fighter began the quest for the
                  | Orb.
     0 | D:1      | Reached XP level 1. HP: 19/19 MP: 1/1
     8 | D:1      | Reached skill level 3 in Axes
    13 | D:1      | Reached XP level 2. HP: 25/27 MP: 2/2
   222 | D:1      | Reached skill level 4 in Axes
   234 | D:1      | Reached XP level 3. HP: 31/33 MP: 3/3
   285 | D:1      | Found Xur Togu's Assorted Antiques.
   328 | D:1      | Found Xaust's Antique Weapon Emporium.
   365 | D:1      | Found Macrodiq's Jewellery Boutique.
   505 | D:1      | Found Aboufy's Book Shoppe.
   742 | D:2      | Reached XP level 4. HP: 41/41 MP: 4/4
   776 | D:2      | Noticed Robin
   783 | D:2      | Reached skill level 5 in Axes
   790 | D:2      | Killed Robin
  1839 | D:3      | Reached XP level 5. HP: 28/47 MP: 5/5
  1972 | D:3      | Found a faded altar of an unknown god.
  2027 | D:3      | Prayed at the altar of an unknown god.
  2027 | D:3      | Became a worshipper of Gozag Ym Sagoz the Greedy
  2119 | D:3      | Identified the +0 cloak "Cylir" {rPois}
  2429 | D:4      | Noticed Natasha
  2438 | D:4      | Killed Natasha
  2439 | D:4      | Reached skill level 5 in Fighting
  2439 | D:4      | Reached skill level 6 in Axes
  2520 | D:4      | Noticed a black bear
  2532 | D:4      | Reached XP level 6. HP: 51/56 MP: 6/6
  2549 | D:4      | Noticed Natasha
  2756 | D:4      | Killed a black bear
  2757 | D:4      | Reached skill level 7 in Axes
  2907 | D:4      | Killed Natasha
  3069 | D:4      | Reached skill level 8 in Axes
  3069 | D:4      | Reached XP level 7. HP: 36/63 MP: 7/7
  3072 | D:4      | Found a glowing silver altar of Zin.
  3212 | D:4      | Found a blossoming altar of Fedhas.
  3263 | D:4      | Noticed Natasha
  3278 | D:4      | Killed Natasha
  3434 | D:4      | Found a runed translucent door.
  3435 | D:4      | Noticed Crazy Yiuf
  3540 | D:4      | Killed Crazy Yiuf
  3884 | D:1      | Bought a runed battleaxe for 228 gold pieces
  4032 | D:5      | Entered Level 5 of the Dungeon
  4055 | D:5      | Reached skill level 1 in Shapeshifting
  4327 | D:5      | Found a radiant altar of Vehumet.
  4369 | D:5      | Found a staircase to the Ecumenical Temple.
  4569 | D:5      | Found a shimmering blue altar of Sif Muna.
  4642 | D:5      | Reached skill level 9 in Axes
  4648 | D:5      | Reached XP level 8. HP: 49/73 MP: 8/8
  4785 | D:5      | Found a white marble altar of Elyvilon.
  4860 | D:5      | Found a hide-covered altar of Uskayaw.
  4925 | D:5      | Found a shimmering altar of Xom.
  5224 | Temple   | Entered the Ecumenical Temple
  5618 | D:6      | Reached skill level 10 in Axes
  5714 | D:6      | Found a glowing golden altar of the Shining One.
  5927 | D:6      | Noticed Grinder
  5937 | D:6      | Killed Grinder
  5938 | D:6      | Reached skill level 11 in Axes
  6492 | D:7      | Noticed Maggie
  6501 | D:7      | Killed Maggie
  6502 | D:7      | Reached skill level 12 in Axes
  6502 | D:7      | Reached XP level 9. HP: 55/82 MP: 9/9
  6658 | D:7      | Got A Beginning Course on Witchery
  6706 | D:7      | Noticed a troll
  6714 | D:7      | Killed a troll
  7014 | D:7      | Identified the +0 ring mail "Odapt" {Dex+3}
  7486 | D:1      | Bought a +6 ring of dexterity for 468 gold pieces
  7666 | D:8      | Noticed Grum
  7675 | D:8      | Reached skill level 13 in Axes
  7685 | D:8      | Killed Grum
  7686 | D:8      | Reached skill level 10 in Fighting
  7745 | D:8      | Noticed Erica
  7763 | D:8      | Killed Erica
  7763 | D:8      | Noticed Maurice
  7764 | D:8      | Reached skill level 14 in Axes
  7764 | D:8      | Reached XP level 10. HP: 44/94 MP: 10/10
  7880 | D:8      | Something stole a dragon-blood talisman
  7881 | D:8      | Something stole 75 stones
  7882 | D:8      | Something stole a ring of protection from cold
  7892 | D:8      | Something stole a +0 buckler
  7894 | D:8      | Something stole a +4 quarterstaff of chaos
  7901 | D:8      | Something stole 130 gold
  7902 | D:8      | Killed Maurice
  7903 | D:8      | Reached skill level 15 in Axes
  8368 | D:8      | Found a staircase to the Lair.
  8922 | Lair:1   | Entered Level 1 of the Lair of Beasts
  8974 | Lair:1   | Reached skill level 16 in Axes
  9058 | Lair:1   | Noticed a cane toad
  9065 | Lair:1   | Killed a cane toad
  9100 | Lair:1   | Reached XP level 11. HP: 95/104 MP: 11/11
  9203 | Lair:1   | Found a gate leading to a gauntlet.
  9392 | Lair:1   | Reached skill level 17 in Axes
  9392 | Lair:1   | Reached skill level 5 in Armour
 10218 | Lair:2   | Noticed an eight-headed hydra
 10229 | Lair:2   | Killed a four-headed hydra
 10302 | Lair:2   | Noticed cfcfcfcfcf's ghost (journeyman MiFi)
 10368 | Lair:2   | Found a runed translucent door.
 10385 | Lair:2   | Killed cfcfcfcfcf's ghost
 10406 | Lair:2   | Reached skill level 18 in Axes
 10441 | Lair:2   | Found a staircase to the Swamp.
 11052 | Swamp:1  | Entered Level 1 of the Swamp
 11063 | Swamp:1  | Noticed an eleionoma
 11070 | Swamp:1  | Killed an eleionoma
 11071 | Swamp:1  | Reached XP level 12. HP: 115/115 MP: 12/12
 11172 | Swamp:1  | Identified the +6 dire flail of Ajuc {flame, rF+ rCorr}
 11183 | Swamp:1  | Noticed a shambling mangrove
 11196 | Swamp:1  | Killed a shambling mangrove
 11197 | Swamp:1  | Reached skill level 1 in Maces & Flails
 11199 | Swamp:1  | Paralysed by a hornet for 2 turns
 11205 | Swamp:1  | Paralysed by a hornet for 3 turns
 11415 | Swamp:1  | Succumbed to poison (poison gas)

Illustrated notes

Levels and vault maps discovered:
D:1:      dpeg_arrival_rhombus, layout_rooms, serial_shops, nicolae_shop_stone,
          nicolae_diamond_shop, shop, nicolae_book_shop_shelving, st_stairs_3,
          minmay_pentomino_u4
D:2:      layout_rooms, minmay_crystal_water, serial_park_tiny_1, uniq_robin
D:3:      layout_basic, shapermc_ecumenical_altar_mp_ritualfount,
          serial_corexii_hall, corexii_hall_statues_deadend,
          corexii_hall_statues_l, chequers_hall_statues_wall_a,
          corexii_hall_statues_i
D:4:      layout_rooms, mainiacjoe_overflow_catch_the_wave, serial_bayou,
          serial_bayou_crossing, serial_bayou_pond_d, serial_bayou_pond_c,
          serial_bayou_pond_c, uniq_crazy_yiuf_cottage, uniq_natasha
D:5:      layout_loops_ring, mainiacjoe_overflow_catwalk,
          mainiacjoe_overflow_boulevard, mainiacjoe_overflow_swirl,
          lemuel_tele_altar, minmay_temple_entry_stoned_glass,
          nrook_mini_vaults, nicolae_wormholes
D:6:      layout_cave_pods, mainiacjoe_overflow_alcove_4, uniq_grinder
D:7:      layout_loops_ring, uniq_maggie
D:8:      layout_basic, david_lair_shrubbed, bh_walls_and_bars, uniq_maurice,
          uniq_erica, uniq_grum
Temple:   nicolae_temple_great_sept
Lair:1:   layout_cave_shapes, gauntlet_entry_generic, fungi_pond_lemuel
Lair:2:   wander_river, layout_regular_city, swamp_mist,
          hellmonk_ghost_happy_afterlife, grunt_forest_small_clearing_treed,
          serial_bayou_shore_a, lemuel_fruit_fields
Swamp:1:  layout_basic_swamp, serial_swamp_ruin, evilmike_swamp_ruin_house_1,
          hangedman_swamp_ruin_wall

Skill      XL: |  1  2  3  4  5  6  7  8  9 10 11 12 |
---------------+-------------------------------------+-----
Axes           | 3 4 5 6 8 9 12 14 16 18 | 18.7
Fighting       | 4 5 6 7 8 10 11 13 | 13.4
Shapeshifting  | 1 |  1.8
Armour         | 4 6 7 |  7.5
Maces & Flails | 2 |  2.4
Shields        | |  3.2

Action                     |  1- 3 |  4- 6 |  7- 9 | 10-12 || total
---------------------------+-------+-------+-------+-------++-------
  Melee: War axe           |    96 |   160 |    23 |       ||   279
         Battleaxe         |       |       |   142 |   239 ||   381
         Dire flail        |       |       |       |    21 ||    21
Ability: Begin Untransform |       |       |     1 |       ||     1
  Evoke: Wand              |       |       |       |     1 ||     1
         Lightning rod     |       |       |       |     1 ||     1
    Use: Scroll            |       |       |       |     7 ||     7
   Stab: Distracted        |       |       |       |     3 ||     3
 Armour: Scale mail        |    78 |    26 |       |       ||   104
         Chain mail        |       |   148 |   163 |       ||   311
         Plate armour      |       |       |    35 |   288 ||   323
  Dodge: Dodged            |    52 |    69 |    81 |    83 ||   285
  Block: Buckler           |    21 |    31 |     4 |       ||    56
         Form:             |       |     1 |       |       ||     1
         Serpent           |       |     1 |       |       ||     1
         Dragon            |       |       |     1 |       ||     1
